 Dungeon Crawl Stone Soup version 0.29.1-13-g9f3cf754e1 (webtiles) character file.

Game seed: 3139741287535129522

117 Sanktem7 the Trooper (level 4, 0/42 HPs)
             Began as a Minotaur Fighter on Feb 7, 2023.
             Slain by a gnoll
             ... wielding a +0 whip
              (4 damage)
             ... on level 3 of the Dungeon.
             The game lasted 00:02:29 (2122 turns).

Sanktem7 the Trooper (Minotaur Fighter)             Turns: 2122, Time: 00:02:29

Health: 0/42       AC:  7    Str: 23    XL:     4   Next: 71%
Magic:  3/3        EV:  9    Int:  5    God:
Gold:   102        SH:  4    Dex:  9    Spells: 3/3 levels left

rFire   x . .      SeeInvis .   a - +0 war axe {axe}
rCold   + . .      Faith    .   c - +0 buckler
rNeg    . . .      Spirit   .   b - +0 scale mail
rPois   .          Reflect  .   (helmet restricted)
rElec   .          Harm     .   (no cloak)
rCorr   .          Rampage  .   (no gloves)
Will    ++...                   (no boots)
Stlth   ..........              (no amulet)
HPRegen 0.14/turn               h - ring of ice
MPRegen 0.08/turn               (no ring)

@: no status effects
A: horns 2, retaliatory headbutt, deterioration 1, strong-willed 2
a: no special abilities


You were on level 3 of the Dungeon.
You visited 1 branch of the dungeon, and saw 3 of its levels.

You collected 102 gold pieces.


Innate Abilities, Weirdness & Mutations

You have a pair of horns on your head.
You reflexively headbutt those who attack you in melee.
Your body sometimes deteriorates upon taking damage.
You are highly strong-willed. (Will++)


   Skills:
 * Level 5.1 Fighting
 * Level 4.2 Axes
 + Level 4.3 Armour
 - Level 3.6 Shields


You had 3 spell levels left.
You didn't know any spells.
Your spell library was empty.

Inventory:

Hand Weapons
 a - a +0 war axe (weapon) {axe}
 r - a +1 dagger of freezing {short}
   (You took it off a kobold on level 3 of the Dungeon)
Missiles
 g - 19 stones (quivered) {throwing}
Armour
 b - a +0 scale mail (worn)
 c - a +0 buckler (worn)
Jewellery
 h - a ring of ice (left hand)
   (You found it on level 1 of the Dungeon)
Scrolls
 f - 2 scrolls of teleportation {unknown}
 i - a scroll of butterflies {unknown}
 j - 2 scrolls of identify {unknown}
 k - a scroll of enchant armour {unknown}
 l - a scroll of immolation {unknown}
 n - a scroll of brand weapon {unknown}
Potions
 d - 2 potions of might
 e - a potion of curing {@q1}
 m - a potion of mutation {!q}
 o - a potion of resistance {unknown}
 p - a potion of attraction {unknown}
 q - a potion of haste {unknown}

Dungeon Overview and Level Annotations

Branches:
Dungeon (3/15) Zot: 15848

Altars:

Shops:
D:2

:*
#...#......####.#...#
##.##.#.........#...#
#.##.#.#..######...#
#.##......######.[.#
#.#....##.....##...#
#.#########.##...#! #
#.###........
.#####)...........
......)@...........
......#g............
...................##
..................
#####.............
#......#######
#......# #.......


You could see a gnoll.


Message History

A kobold comes into view. It is wielding a +1 dagger of freezing.
A kobold is nearby!
The kobold shouts!
You block the kobold's attack.
You closely miss the kobold. You block the kobold's attack.
You closely miss the kobold. The kobold hits you but does no damage.
You closely miss the kobold. Your headbutt misses the kobold.
The kobold closely misses you. You furiously retaliate!
You headbutt the kobold.
You kill the kobold!
No target in view!
No target in view!
No target in view!
No target in view!
No target in view!
No target in view!
No target in view!
No target in view!
No target in view!
r - a +1 dagger of freezing {short} You see here a kobold corpse.
j - 2 scrolls labelled BEVINLUEGO (gained 1)
You see here a +0 chain mail.
Key pressed, stopping explore.
A gnoll comes into view. It is wielding a +0 whip.
A gnoll is nearby! 2 gnolls come into view.
A gnoll is wielding a +1 spear of venom.
The gnoll shouts! x2
A gnoll comes into view. It is wielding a +0 whip.
You slash the gnoll! You block the gnoll's attack.
You closely miss the gnoll.
The gnoll hits you with a +0 whip. 😕 HP[-3]
You take 3 damage, and now have 38/41 hp.
You barely miss the gnoll. You headbutt the gnoll.
You kill the gnoll!
Your Fighting skill increases to level 5!
Your Axes skill increases to level 4! 😕 HP[+1]
You now have 42 max hp (+1).
The gnoll hits you with a +1 spear of venom.
You are poisoned. 😕 HP[-2]
You take 2 damage, and now have 37/42 hp.
You slash the gnoll! Your headbutt misses the gnoll.
You barely miss the gnoll. x2
You feel very sick. The gnoll misses you.
The gnoll hits you but does no damage. The gnoll closely misses you. 😕 HP[-3]
You take 3 damage, and now have 34/42 hp.
You slash the gnoll!
You kill the gnoll!
You barely miss the gnoll. You slash the gnoll!
You feel sick.
The gnoll hits you with a +1 spear of venom.
You are more poisoned.
The gnoll barely misses you. 😮 HP[-8]
You take 8 damage, and now have 26/42 hp.
You hit the gnoll. You headbutt the gnoll.
You kill the gnoll!
You closely miss the gnoll.
* * * LOW HITPOINT WARNING * * *
You feel very sick. The gnoll hits you with a +0 whip.
* * * LOW HITPOINT WARNING * * *
😨 HP[-9]
You take 9 damage, and now have 17/42 hp.
MASSIVE DAMAGE!! (PAUSE)
You hit the gnoll.
* * * LOW HITPOINT WARNING * * *
You feel very sick. The gnoll hits you with a +0 whip.
* * * LOW HITPOINT WARNING * * *
The gnoll hits you with a +0 whip.
* * * LOW HITPOINT WARNING * * *
😱 HP[-12]
You take 12 damage, and now have 5/42 hp.
MASSIVE DAMAGE!! (PAUSE) It was a potion of mutation.
You feel extremely strange.
You feel strong-willed.
You feel yourself wasting away.
You feel more strong-willed.
* * * LOW HITPOINT WARNING * * *
You feel very sick. The gnoll closely misses you. You furiously retaliate!
You headbutt the gnoll. 😱 HP[-3]
You take 3 damage, and now have 2/42 hp.
It was a potion of curing.
You feel better. The gnoll hits you with a +0 whip.
* * * LOW HITPOINT WARNING * * *
😱 HP[+4]
You regained 4 hp, and now have 6/42 hp.
You barely miss the gnoll.
The gnoll hits you but does no damage. 😱 HP[+1]
You hit the gnoll. Your headbutt misses the gnoll.
The gnoll hits you with a +0 whip.
* * * LOW HITPOINT WARNING * * *
😱 HP[-3]
You take 3 damage, and now have 4/42 hp.
You hit the gnoll. Your headbutt misses the gnoll.
The gnoll closely misses you. The gnoll hits you with a +0 whip.
You die...

Skill      XL: |  1  2  3  4 |
---------------+-------------+-----
Fighting       | 4 5 |  5.1
Axes           | 3 4 |  4.2
Armour         | 4 |  4.3
Shields        | |  3.6

Action                   |  1- 3 |  4- 6 || total
-------------------------+-------+-------++-------
Melee: War axe           |    67 |    13 ||    80
       Headbutt          |     5 |     2 ||     7
  Use: Potion            |       |     2 ||     2
Armor: Scale mail        |    34 |     3 ||    37
Dodge: Dodged            |    30 |     6 ||    36
Block: Buckler           |    13 |     3 ||    16

Levels and vault maps discovered:
D:1:      heliophobic_arrival_henge, layout_loops_ring, serial_forest,
          infiniplex_forest_lined_ring, infiniplex_forest_clump_double,
          infiniplex_forest_straight_5, infiniplex_forest_lined_ring,
          infiniplex_forest_lined_ring, infiniplex_forest_clump_long,
          infiniplex_forest_straight_2, infiniplex_forest_end_2,
          minmay_hedge_maze, minmay_tetromino_o2
D:2:      layout_basic, serial_shops, shop, nicolae_shop_vocational
D:3:      layout_basic, nicolae_uskayaw_murder_on_the_dancefloor,
          old_standard_altar, uniq_sigmund, uniq_natasha

Notes
Turn   | Place    | Note
-------+----------+-------------------------------------------
     0 | D:1      | Sanktem7 the Minotaur Fighter began the quest for the Orb.
     0 | D:1      | Reached XP level 1. HP: 19/19 MP: 0/0
     0 | D:1      | magus.rc [v1.9.6]
   374 | D:1      | Reached XP level 2. HP: 27/27 MP: 1/1
   479 | D:1      | Reached skill level 4 in Fighting
   822 | D:1      | Reached skill level 3 in Axes
  1115 | D:2      | Reached skill level 4 in Armour
  1115 | D:2      | Reached XP level 3. HP: 27/33 MP: 2/2
  1223 | D:2      | Found Tapacsad's Vocational Training.
  1592 | D:2      | Found Heosi's Assorted Antiques.
  1820 | D:3      | Reached XP level 4. HP: 15/41 MP: 3/3
  2113 | D:3      | Reached skill level 5 in Fighting
  2113 | D:3      | Reached skill level 4 in Axes
  2117 | D:3      | HP: 5/42 [gnoll/+0 whip (6)]
  2118 | D:3      | Gained mutation: You are strong-willed. (Will+) [potion of
                  | mutation]
  2118 | D:3      | Gained mutation: Your body sometimes deteriorates upon
                  | taking damage. [potion of mutation]
  2118 | D:3      | Gained mutation: You are highly strong-willed. (Will++)
                  | [potion of mutation]
  2118 | D:3      | HP: 2/42 [poisoned by a gnoll]
  2122 | D:3      | Slain by a gnoll

Vanquished Creatures
  An orc priest (D:3)
  3 gnolls (D:3)
  2 adders
  A dart slug (D:2)
  3 orcs (D:3)
  A ball python (D:1)
  2 endoplasms (D:2)
  3 giant cockroaches
  A goblin (D:1)
  3 hobgoblins (D:1)
  5 kobolds
  4 bats
  4 frilled lizards
  7 rats
40 creatures vanquished.

Table legend:
 A = Non-vault XP
 B = Vault XP
 C = Vault XP percentage of total XP
 D = Non-vault monster count
 E = Vault monster count
 F = Vault count percentage of total count
                 A         B        C        D         E       F
            +---------+---------+-------+---------+---------+-------
      Total |     167 |       1 |   0.6 |      39 |       1 |   2.5
            +---------+---------+-------+---------+---------+-------
        D:1 |      22 |       1 |   4.3 |      14 |       1 |   6.7
        D:2 |      34 |       0 |   0.0 |      15 |       0 |   0.0
        D:3 |     111 |       0 |   0.0 |      10 |       0 |   0.0
            +---------+---------+-------+---------+---------+-------

Illustrated notes

Table legend:
 A = Kills in this place as a percentage of kills in entire the game.
 B = Kills by you in this place as a percentage of kills by you in the entire game.
 C = Kills by friends in this place as a percentage of kills by friends in the entire game.
 D = Other kills in this place as a percentage of other kills in the entire game.
 E = Experience gained in this place as a percentage of experience gained in the entire game.
 F = Experience gained in this place divided by the number of levels of this place that you have seen.
                   A       B       C       D       E      F
               +-------+-------+-------+-------+-------+----------------------
         Total | 100.0 | 100.0 |   N/A |   N/A | 100.0 |  56.0
       Dungeon | 100.0 | 100.0 |   N/A |   N/A | 100.0 |  56.0
               +-------+-------+-------+-------+-------+----------------------

Table legend: (Time is in decaauts)
 A = Elapsed time spent in this place.
 B = Non-inter-level travel time spent in this place.
 C = Inter-level travel time spent in this place.
 D = Time resting spent in this place.
 E = Time spent auto-exploring this place.
 F = Levels seen in this place.
 G = Mean time per level.
                   A        B        C        D        E       F      G
               +--------+--------+--------+--------+--------+-----+--------+
         Total |   2150 |   2050 |    100 |      0 |   1820 |   3 |  716.7 |
       Dungeon |   2150 |   2050 |    100 |      0 |   1820 |   3 |  716.7 |
               +--------+--------+--------+--------+--------+-----+--------+

Top non-repeatable levels by time:
     D:1: 1066 daAuts
     D:2: 764 daAuts
     D:3: 319 daAuts
